AoeStats
← Ben

Arabia

504283982Analyzed
1v1 RM · 27d ago on Sep 4, 2026· 39m 52s· 2 players
Game mode
Random Map
Map size
Tiny (2 player)
Population
200
Speed
Normal
Resources
Standard
Victory
Conquest
Starting age
Dark Age
Ending age
Imperial Age
RankedLock teamsTeams togetherTeam positionsShared explorationLock speedFull tech treeHidden civsTurbo modeCheats
Victory
Defeat
🇵🇪 Celts · Peru
1002
+16
🇬🇧 Burgundians · United Kingdom
1000
-48
Ben
6:36 Wheelbarrow
6:40 Double-Bit Axe
10:15 Horse Collar
14:48 Feudal Age
15:18 Town Watch
17:32 Gold Mining
24:35 Castle Age
22:37 Loom
23:13 Stone Mining
24:20 Scale Mail Armor
24:40 Pikeman
25:50 Heavy Plow
26:55 Scale Barding Armor
28:20 Chain Barding Armor
29:08 Fletching
30:54 Husbandry
33:35 Murder Holes
33:53 Cavalier
34:54 Forging
37:15 Crop Rotation
37:14 Ballistics
38:14 Iron Casting
Lobo Gélido
7:29 Loom
12:28 Feudal Age
17:01 Castle Age
15:57 Scale Mail Armor
15:41 Horse Collar
15:49 Double-Bit Axe
17:02 Stone Mining
25:01 Bow Saw
25:39 Heavy Plow
26:42 Arson
28:29 Wheelbarrow
28:08 Gold Mining
29:35 Hand Cart
30:38 Chain Mail Armor
32:26 Forging
35:31 Imperial Age
34:09 Gold Shaft Mining
34:16 Town Watch
36:36 Conscription
36:08 Elite Woad Raider
37:23 Plate Mail Armor
38:59 Iron Casting
40:46 Blast Furnace
Connection lost

Rejoining the realm…

Still unreachable

The connection could not be restored.

Session expired

The server has moved on; the page needs a fresh start.